 Dungeon Crawl Stone Soup version 0.17-a0-1497-g03599f7 (webtiles) character file.

487 Parakulo the Covert (level 6, -9/30 HPs)
             Began as a Spriggan Assassin on July 4, 2015.
             Mangled by an ogre
             ... wielding a +0 giant club
              (20 damage)
             ... on level 5 of the Dungeon on July 6, 2015.
             The game lasted 00:17:10 (4817 turns).

Parakulo the Covert (Spriggan Assassin)             Turns: 4817, Time: 00:17:10

Health: -9/30      AC:  3    Str:  7    XL:     6   Next: 89%
Magic:  7/7        EV: 17    Int: 13    God:
Gold:   305        SH:  0    Dex: 19    Spells: 0 memorised, 5 levels left

rFire  . . .     SeeInvis +     y - +2 dagger (elec)
rCold  . . .     Clarity  .     c - +0 robe
rNeg   . . .     SustAt   .     (shield restricted)
rPois  .         Gourm    .     (helmet restricted)
rElec  .         Spirit   .     d - +1 cloak
rCorr  .         Warding  .     (gloves unavailable)
rMut   .         Stasis   .     (boots unavailable)
MR     +....                    (no amulet)
Stlth  +++++.....               (no ring)
                                (no ring)

@: very quick, somewhat resistant to hostile enchantments, quite stealthy
A: unfitting armour, see invisible, deformed body, herbivore 3, speed 3, high mp
1, screaming 1, slow metabolism 2
a: no special abilities


You were on level 5 of the Dungeon.
You were full.

You visited 1 branch of the dungeon, and saw 5 of its levels.

You collected 305 gold pieces.

Inventory:

Hand weapons
 b - a +0 blowgun
 i - a +2 dagger of speed
 y - a +2 dagger of electrocution (weapon)
Missiles
 f - a curare-tipped needle
 o - 8 poisoned needles
Armour
 c - a +0 robe (worn)
 d - a +1 cloak (worn)
Jewellery
 n - an uncursed ring of poison resistance
Magical devices
 u - a wand of disintegration (3)
Scrolls
 a - a scroll of recharging
 l - 3 scrolls of teleportation
 q - 2 scrolls of identify
 t - a scroll of blinking
Potions
 e - a potion of curing
 h - a potion of beneficial mutation {unknown}
 j - a potion of flight
 k - a potion of brilliance
Comestibles
 g - a bread ration


   Skills:
 + Level 2.3 Fighting
 * Level 4.0 Short Blades
 + Level 3.5 Throwing
 - Level 1.5 Dodging
 + Level 10.3 Stealth


You had 5 spell levels left.
You didn't know any spells.

Dungeon Overview and Level Annotations

Branches:
Dungeon (5/15)
 Temple: D:4-7

Altars:
Fedhas
Nemelex Xobeh
Okawaru
Ru


Innate Abilities, Weirdness & Mutations

You are tiny and cannot use many weapons and most armour.
You have supernaturally acute eyesight.
You are a herbivore.
You cover ground extremely quickly.
You need consume almost no food.
Armour fits poorly on your strangely shaped body.
You have an increased reservoir of magic (+10% MP).
You occasionally shout uncontrollably at your foes.


Message History

The ogre is lightly wounded.
You hit the ogre.
The ogre is moderately wounded.
The ogre misses you.
You hit the ogre.
The ogre is heavily wounded.
You barely miss the ogre.
The ogre is heavily wounded.
The ogre closely misses you.
You hit the ogre.
The ogre is heavily wounded.
The ogre hits you with a giant club!
Ouch! That really hurt!
You hit the ogre.
The ogre is severely wounded.
You hit the ogre.
The ogre is severely wounded.
The ogre hits you with a giant club!!
Ouch! That really hurt!
You die...

########## .........#
........######
........'@O..#
###....#........
######....#......).
..........#........
#######..##........
#........##........
###.####...##........
...#....<.##........
. #..#.#..###


You could see an ogre.

Vanquished Creatures
  2 ice beasts
  A scorpion (D:4)
  An orc wizard (D:3)
  An iguana (D:4)
  Robin (D:2)
  3 gnolls (D:3)
  7 adders
  3 worms
  4 orcs (D:3)
  3 bat skeletons
  10 hobgoblins
  9 jackals
  8 kobolds
  4 bats
  5 giant cockroaches
  A giant gecko (D:1)
  2 giant newts (D:1)
  21 goblins
  A quokka (D:3)
  9 rats
96 creatures vanquished.

Notes
Turn   | Place    | Note
--------------------------------------------------------------
     0 | D:1      | Parakulo the Spriggan Assassin began the quest for the Orb.
     0 | D:1      | Reached XP level 1. HP: 10/10 MP: 2/2
    14 | D:1      | Upgraded the game from 0.17-a0-1481-gfdcec5c to 0.17-a0-1497-g03599f7
    34 | D:1      | Reached skill level 6 in Stealth
   578 | D:1      | Reached XP level 2. HP: 14/14 MP: 3/3
  1096 | D:2      | Reached skill level 7 in Stealth
  1139 | D:2      | Found an iron altar of Okawaru.
  1176 | D:2      | Noticed Robin
  1222 | D:2      | Killed Robin
  1222 | D:2      | Reached XP level 3. HP: 4/18 MP: 4/4
  1709 | D:2      | Reached skill level 8 in Stealth
  1724 | D:2      | Reached XP level 4. HP: 23/23 MP: 5/5
  2358 | D:3      | Found an iron altar of Okawaru.
  2369 | D:3      | Found a blossoming altar of Fedhas.
  2386 | D:3      | Found a sparkling altar of Nemelex Xobeh.
  2389 | D:3      | Found a sacrificial altar of Ru.
  2422 | D:3      | Reached skill level 9 in Stealth
  2422 | D:3      | Reached XP level 5. HP: 21/26 MP: 6/6
  2447 | D:3      | HP: 1/26 [orc/flail of draining (1)]
  3267 | D:3      | Gained mutation: You have an increased reservoir of magic (+10% MP). [potion of mutation]
  3267 | D:3      | Gained mutation: Armour fits poorly on your strangely shaped body. [potion of mutation]
  3267 | D:3      | Gained mutation: You occasionally shout uncontrollably at your foes. [potion of mutation]
  4157 | D:4      | Reached XP level 6. HP: 26/30 MP: 7/7
  4332 | D:4      | Noticed an ice beast
  4441 | D:4      | Killed an ice beast
  4441 | D:4      | Reached skill level 10 in Stealth
  4791 | D:5      | Entered Level 5 of the Dungeon
  4817 | D:5      | Mangled by an ogre

Vault maps used:
D:1:      dpeg_arrival_tiny_i
D:2:      grunt_ministairs_10, okawaru_ov_weapons_minmay, uniq_robin
D:3:      grunt_temple_overflow_cloverleaf, first_bread
D:5:      minmay_misc_feat_diagonals

Action                   |  1- 3 |  4- 6 || total
-------------------------+-------+-------++-------
Melee: Short sword       |    54 |    99 ||   153
       Dagger            |    14 |   101 ||   115
 Fire: Blowgun           |    13 |    21 ||    34
Evoke: Wand              |       |     2 ||     2
  Use: Scroll            |     4 |     6 ||    10
       Potion            |     1 |     6 ||     7
 Stab: Sleeping          |    15 |    15 ||    30
       Distracted        |       |     1 ||     1
  Eat: Bread ration      |       |     1 ||     1
